 Dungeon Crawl Stone Soup version 0.22.0-49-gab54619674 (webtiles) character file.

10937 Eralyen the Cruncher (level 11, -3/127 HPs)
             Began as a Hill Orc Berserker on Sept 5, 2018.
             Was an Elder of Trog.
             Slain by a spriggan rider
             ... wielding a +0 spear
              (19 damage)
             ... on level 1 of the Swamp.
             The game lasted 02:18:26 (14503 turns).

Eralyen the Cruncher (Hill Orc Berserker)          Turns: 14503, Time: 02:18:26

Health: -3/127     AC: 14    Str: 30 (31) XL:     11   Next: 69%
Magic:  11/11      EV: 12    Int:  5 (7)  God:    Trog [****..]
Gold:   458        SH:  4    Dex:  8 (11) Spells: 10/10 levels left

rFire    + . .     SeeInvis .   I - +3 glaive (freeze)
rCold    . . .     Gourm    .   (shield currently unavailable)
rNeg     . . .     Faith    .   j - +4 ring mail
rPois    .         Spirit   .   (helmet restricted)
rElec    .         Reflect  +   (no cloak)
rCorr    .         Harm     .   n - +2 pair of gloves {Str+3}
MR       +++..                  (no boots)
Stlth    ..........             z - +4 amulet of reflection
HPRegen  1.31/turn              d - ring of protection from magic
MPRegen  0.12/turn              t - ring of protection from fire

@: mighty, berserking (expiring), regenerating, drained, very quick
A: horns 1, talons 1, wild magic 1
a: Berserk, Trog's Hand, Brothers in Arms, Renounce Religion


You were on level 1 of the Swamp.
You worshipped Trog.
Trog was greatly pleased with you.
You were not hungry.

You visited 4 branches of the dungeon, and saw 14 of its levels.
You also visited: Ossuary.

You collected 656 gold pieces.
You spent 198 gold pieces at shops.

Inventory:

Hand Weapons
 k - a +0 antimagic hand axe
 m - a +0 quarterstaff
 s - a +0 long sword
 E - a +2 mace
 F - a +4 dire flail
 G - a +0 shortbow
 I - a +3 glaive of freezing (weapon)
 K - a +0 flail of protection
 M - a cursed +3 morningstar
Missiles
 e - 70 poisoned needles
 l - 186 arrows
 o - 2 throwing nets (quivered)
 q - 60 bolts
 B - 35 sling bullets
 C - 5 poisoned tomahawks
 D - 19 tomahawks
Armour
 j - a +4 ring mail (worn)
 n - a +2 pair of gloves of strength (worn)
 r - a +0 large shield
 w - a cursed +0 plate armour
 A - a +2 ring mail of fire resistance
 H - a +0 plate armour
 J - a +1 helmet
Jewellery
 d - a ring of protection from magic (left hand)
 h - an uncursed ring of protection from cold
 t - a ring of protection from fire (right hand)
 z - a +4 amulet of reflection (around neck)
 L - an uncursed amulet of rage
Wands
 y - a wand of paralysis (15)
Scrolls
 b - 3 scrolls of remove curse
 f - 5 scrolls of teleportation
 u - a scroll of noise
 x - 2 scrolls of blinking
 P - a scroll of identify
Potions
 g - a potion of might
 i - 2 potions of heal wounds
 p - 4 potions of haste
 v - 6 potions of curing
 N - a potion of invisibility
 O - a potion of agility
Miscellaneous
 a - a phantom mirror
Comestibles
 c - 13 rations
 Q - 4 chunks of flesh


   Skills:
 - Level 4.5(3.8) Fighting
   Level 2.2(1.5) Short Blades
 - Level 3.0(3.6) Axes
 - Level 4.0(9.3) Maces & Flails
 + Level 11.8(11.1) Staves
 + Level 0.1(0.0) Throwing
 + Level 9.8(9.0) Armour
 - Level 4.8(4.0) Dodging
 + Level 3.6(2.9) Stealth
 - Level 3.1(2.4) Shields


You had 10 spell levels left.
You didn't know any spells.
Your spell library contained the following spells:

 Spells                   Type           Power        Failure   Level  Hunger
 Flame Tongue             Conj/Fire      #....        65%         1    ##.....
 Sting                    Conj/Pois      #...         65%         1    ##.....
 Poisonous Vapours        Pois/Air       #.....       78%         2    ###....
 Throw Flame              Conj/Fire      #.....       78%         2    ###....
 Conjure Flame            Conj/Fire      #.......     95%         3    ####...
 Inner Flame              Hex/Fire       #.......     95%         3    ####...
 Mephitic Cloud           Conj/Pois/Air  #.......     95%         3    ####...
 Olgreb's Toxic Radiance  Pois           #.......     100%        4    #####..
 Sticky Flame             Conj/Fire      #.......     100%        4    #####..
 Fireball                 Conj/Fire      #.........   100%        5    ######.
 Venom Bolt               Conj/Pois      #.........   100%        5    ######.


Dungeon Overview and Level Annotations

Branches:
Dungeon (10/15)            Temple (1/1) D:7            Lair (2/6) D:9
  Swamp (1/4) Lair:2
  Snake: Lair:2-4    Spider: Lair:2-4       Orc: D:9-12

Altars:
Ashenzari
Cheibriados
Dithmenos
Elyvilon
Fedhas
Gozag
Hepliaklqana
Kikubaaqudgha
Makhleb
Nemelex Xobeh
Okawaru
Qazlal
Ru
Sif Muna
Trog
Uskayaw
Vehumet
Wu Jian
Xom
Yredelemnul
Zin
The Shining One

Shops:
D:4 [

Annotations:
D:9 exclusion: oklob plant


Innate Abilities, Weirdness & Mutations

You have a pair of small horns on your head.
You have sharp toenails.
Your spells are a little harder to cast, but a little more powerful.


Message History

You closely miss the swamp worm. You claw the swamp worm!
You kill the swamp worm!
Trog accepts your kill. The swamp worm closely misses you.
You hit the swamp worm. You freeze the swamp worm.
Your kick misses the swamp worm.
The swamp worm is lightly wounded.
The spriggan rider closely misses you.
You barely miss the swamp worm.
The swamp worm is lightly wounded.
You block the swamp worm's attack.
The spriggan rider hits you from afar with a spear!
* * * LOW HITPOINT WARNING * * *
The swamp worm bites you!
* * * LOW HITPOINT WARNING * * *
You feel a strong urge to attack something.
The swamp worm throws harpoon shot at you.
The harpoon shot misses you.
The spriggan rider hits you from afar with a spear!!
You die...

≈ ≈(♣ ♣♣♣♣♣♣♣
≈.≈.♣.....♣♣♣
≈≈≈§≈....@<.♣♣♣
≈(.≈≈≈†...≈...♣♣
§≈≈≈≈≈≈wi≈≈≈≈..♣
≈≈...≈≈♣§♣≈≈≈≈.)♣
..♣≈≈≈...≈≈≈♣≈.♣♣
♣..≈♣≈≈.≈≈≈≈≈≈.♣
♣♣.≈≈≈≈.≈≈≈≈...♣
♣..≈≈♣≈.≈≈≈≈.♣♣
♣♣≈≈≈≈≈.≈≈≈..♣


You could see a spriggan rider and a swamp worm.

Vanquished Creatures
  A centaur warrior (D:10)
  Pikel (D:6)
  2 black mambas (Lair:1)
  A gargoyle (D:10)
  2 komodo dragons (Lair:1)
  A rime drake (Lair:1)
  A polar bear (Lair:2)
  A troll (D:9)
  A hornet (D:8)
  Prince Ribbit (D:7)
  2 hippogriffs
  A wyvern (Lair:2)
  A hungry ghost (D:10)
  2 basilisks
  A swamp worm (Swamp:1)
  2 wargs (D:9)
  2 soldier ants (D:8)
  3 orc warriors
  A porcupine (Lair:1)
  2 ice beasts
  3 black bears
  4 sky beasts
  A slave (D:6)
  4 ogres
  3 phantoms
  A necrophage (D:8)
  2 centaurs
  A big kobold (D:8)
  An elf zombie (Ossuary)
  11 bullfrogs
  A wyvern skeleton (D:9)
  2 scorpions
  A water moccasin skeleton (D:9)
  5 killer bees (D:7)
  6 howler monkeys
  9 wights
  4 electric eels (D:10)
  4 crimson imps
  3 centaur zombies
  A human zombie (Ossuary)
  5 hounds
  3 jellies (D:9)
  2 orc priests
  A bullfrog skeleton (D:8)
  4 iguanas
  12 worker ants
  Terence (D:2)
  8 orc wizards
  7 hell rats (Lair:2)
  A hound skeleton (D:9)
  2 mummies (Ossuary)
  7 gnolls
  22 adders
  2 shadow imps
  3 adder zombies
  An adder skeleton (D:9)
  4 worms
  A dart slug (D:1)
  8 leopard geckos
  36 orcs
  8 bats
  7 giant cockroaches
  2 gnoll zombies (D:3)
  5 goblins
  5 hobgoblins
  6 jackals
  5 quokkas
  A ball python (D:5)
  A ball python skeleton (D:4)
  2 frilled lizards
  A giant cockroach zombie (D:5)
  2 goblin zombies
  11 hobgoblin zombies (Ossuary)
  A jackal skeleton (D:7)
  A jackal zombie (Ossuary)
  12 kobolds
  7 kobold zombies (Ossuary)
  A leopard gecko skeleton (D:4)
  8 orc zombies (Ossuary)
  A quokka skeleton (D:6)
  6 rats
  3 rat zombies (Ossuary)
  A fungus (Lair:1)
  A plant (Lair:2)
324 creatures vanquished.

Vanquished Creatures (collateral kills)
  An electric eel (D:10)
1 creature vanquished.

Vanquished Creatures (others)
  A mummy (D:6)
  A quokka (D:6)
  A hobgoblin zombie (D:6)
3 creatures vanquished.

Grand Total: 328 creatures vanquished

Notes
Turn   | Place    | Note
-------+----------+-------------------------------------------
     0 | D:1      | Eralyen the Hill Orc Berserker began the quest for the Orb.
     0 | D:1      | Reached XP level 1. HP: 19/19 MP: 1/1
   234 | D:1      | Reached XP level 2. HP: 19/27 MP: 2/2
  1060 | D:2      | Reached XP level 3. HP: 33/33 MP: 1/3
  1371 | D:2      | Noticed Terence
  1376 | D:2      | Killed Terence
  1376 | D:2      | Reached skill level 1 in Axes
  1376 | D:2      | Reached XP level 4. HP: 41/41 MP: 1/4
  1666 | D:2      | Reached ** piety under Trog
  1963 | D:2      | Reached XP level 5. HP: 44/47 MP: 5/5
  2711 | D:3      | Reached skill level 1 in Short Blades
  2877 | D:3      | Found a basalt altar of Yredelemnul.
  3123 | D:4      | Reached XP level 6. HP: 38/53 MP: 6/6
  3463 | D:4      | Reached skill level 1 in Staves
  4078 | D:4      | Noticed a black bear
  4093 | D:4      | Killed a black bear
  4093 | D:4      | Reached skill level 2 in Staves
  4093 | D:4      | Reached XP level 7. HP: 60/60 MP: 7/7
  4233 | D:4      | Found Leisisoo's Armour Shop.
  4519 | D:4      | Reached skill level 3 in Staves
  4873 | D:4      | Bought a +1 pair of gloves of strength for 198 gold pieces
  4901 | D:5      | Entered Level 5 of the Dungeon
  5023 | D:5      | Reached skill level 5 in Armour
  5159 | D:5      | Reached skill level 4 in Staves
  5159 | D:5      | Reached skill level 1 in Stealth
  5159 | D:5      | Reached XP level 8. HP: 67/67 MP: 8/8
  5181 | D:5      | Reached *** piety under Trog
  5629 | D:5      | Reached skill level 5 in Staves
  6116 | D:6      | Found a sparkling altar of Nemelex Xobeh.
  6126 | D:6      | Noticed Pikel
  6156 | D:6      | Killed Pikel
  6156 | D:6      | Reached skill level 6 in Staves
  6156 | D:6      | Reached XP level 9. HP: 65/72 MP: 9/9
  6396 | D:6      | Reached skill level 7 in Staves
  6571 | D:6      | Found a sand-covered staircase.
  6582 | Ossuary  | Entered an ossuary
  6700 | Ossuary  | Reached **** piety under Trog
  7324 | D:7      | Reached skill level 8 in Staves
  7588 | D:7      | Found a staircase to the Ecumenical Temple.
  7594 | Temple   | Entered the Ecumenical Temple
  8192 | D:7      | Reached skill level 1 in Shields
  8193 | D:7      | Reached skill level 9 in Staves
  8369 | D:7      | Noticed Prince Ribbit
  8377 | D:7      | Killed Prince Ribbit
  8377 | D:7      | Reached XP level 10. HP: 80/80 MP: 10/10
  8515 | D:8      | Reached ***** piety under Trog
  9416 | D:8      | Reached skill level 10 in Staves
  9421 | D:8      | Received a gift from Trog
 10034 | D:9      | Found a blossoming altar of Fedhas.
 10052 | D:9      | Noticed an oklob plant
 10408 | D:9      | Found a staircase to the Lair.
 10483 | Lair:1   | Entered Level 1 of the Lair of Beasts
 10613 | Lair:1   | Reached skill level 11 in Staves
 10613 | Lair:1   | Reached XP level 11. HP: 28/85 MP: 11/11
 11821 | D:9      | Gained mutation: Your spells are a little harder to cast,
                  | but a little more powerful. [potion of mutation]
 11821 | D:9      | Gained mutation: You have a pair of small horns on your
                  | head. [potion of mutation]
 11821 | D:9      | Gained mutation: You have sharp toenails. [potion of
                  | mutation]
 11887 | D:10     | Entered Level 10 of the Dungeon
 12480 | D:10     | Noticed a centaur warrior
 12541 | D:10     | Killed a centaur warrior
 14475 | Lair:2   | Found a staircase to the Swamp.
 14487 | Swamp:1  | Entered Level 1 of the Swamp
 14487 | Swamp:1  | Noticed a spriggan rider
 14503 | Swamp:1  | Slain by a spriggan rider

Skill      XL: |  1  2  3  4  5  6  7  8  9 10 11 |
---------------+----------------------------------+-----
Fighting       | 4 |  4.5
Axes           | 1 3 |  3.0
Maces & Flails | 4 |  4.0
Dodging        | 2 3 4 |  4.8
Short Blades   | 1 2 |  2.2
Armour         | 3 4 5 6 7 9 |  9.8
Staves         | 2 4 6 9 11 | 11.8
Stealth        | 1 2 3 |  3.6
Shields        | 1 3 |  3.1
Throwing       | |  0.1

Action                   |  1- 3 |  4- 6 |  7- 9 | 10-12 || total
-------------------------+-------+-------+-------+-------++-------
Melee: Mace              |    26 |       |       |       ||    26
       Hand axe          |    49 |    42 |       |       ||    91
       Spear             |       |    30 |       |       ||    30
       Short sword       |       |    62 |       |       ||    62
       Quarterstaff      |       |   109 |   483 |   209 ||   801
       Glaive            |       |       |       |   303 ||   303
       Kick              |       |       |       |    27 ||    27
       Headbutt          |       |       |       |    24 ||    24
 Fire: Shortbow          |       |       |       |     1 ||     1
Throw: Stone             |     3 |       |       |       ||     3
       Throwing net      |       |     1 |       |       ||     1
Invok: Berserk           |     3 |     8 |    12 |    14 ||    37
       Trog's Hand       |       |     1 |     2 |     6 ||     9
       Brothers in Arms  |       |       |       |     2 ||     2
  Use: Scroll            |     5 |     2 |     8 |     8 ||    23
       Potion            |     3 |     2 |     1 |     5 ||    11
 Stab: Sleeping          |       |       |       |     2 ||     2
  Eat: Chunk             |     3 |    13 |    11 |    23 ||    50
       Ration            |       |     1 |     5 |     5 ||    11
Armor: Animal skin       |     8 |       |       |       ||     8
       Leather armour    |     6 |    19 |       |       ||    25
       Ring mail         |       |    72 |   156 |   162 ||   390
Dodge: Dodged            |    72 |   150 |   223 |   282 ||   727
Block: Other             |       |    26 |    55 |    57 ||   138
       Reflection        |       |       |     1 |     2 ||     3
